 Dungeon Crawl Stone Soup version 0.29.0-4-gdea44cf6ec (webtiles) character file.

Game seed: 11584230079737749025

36 qw the Sneak (level 3, 0/29 HPs)
             Began as a Ghoul Enchanter on Sept 6, 2022.
             Killed from afar by Sigmund (3 damage)
             ... with a magic dart
             ... on level 2 of the Dungeon.
             The game lasted 00:00:52 (2514 turns).

qw the Sneak (Ghoul Enchanter)                      Turns: 2514, Time: 00:00:53

Health: 0/29       AC:  2    Str: 13    XL:     3   Next: 37%
Magic:  4/4        EV: 12    Int: 10    God:
Gold:   5          SH:  0    Dex: 15    Spells: 5/5 levels left

rFire   . . .      SeeInvis .   Y - +0 hand axe
rCold   + . .      Faith    .   (no shield)
rNeg    + + +      Spirit   .   b - +0 robe
rPois   inf        Reflect  .   (no helmet)
rElec   .          Harm     .   (no cloak)
rCorr   .          Rampage  .   (no gloves)
Will    .....                   (no boots)
Stlth   ++........              (no amulet)
HPRegen 0.00/turn               h - +6 ring of dexterity
MPRegen 0.09/turn               (no ring)

@: brilliant, inhibited regen
A: claws 1, cold resistance 1, negative energy resistance 3, inhibited
regeneration, torment resistance 2, devour on kill
a: no special abilities


You were on level 2 of the Dungeon.
You visited 1 branch of the dungeon, and saw 2 of its levels.

You collected 5 gold pieces.


Innate Abilities, Weirdness & Mutations

You are immune to poison.
You have sharp fingernails.
Your flesh is cold resistant. (rC+)
You are immune to negative energy. (rN+++)
You do not regenerate when monsters are visible.
You are immune to unholy pain and torment.
You thrive by killing the living.


   Skills:
 + Level 1.8 Fighting
 - Level 0.8 Short Blades
 - Level 2.0 Axes
 - Level 1.7 Dodging
 - Level 3.2 Stealth
 - Level 1.7 Spellcasting
 - Level 2.4 Hexes


You had 5 spell levels left.
You didn't know any spells.
Your spell library contained the following spells:

 Spells                   Type           Power      Damage    Failure   Level
 Ensorcelled Hibernation  Hex/Ice        8%         N/A       30%         2
 Confusing Touch          Hex            8%         N/A       34%         3
 Tukima's Dance           Hex            8%         N/A       34%         3
 Dazzling Flash           Conj/Hex       8%         N/A       52%         3

Inventory:

Hand Weapons
 k - a +0 whip
 Y - a +0 hand axe (weapon)
Armour
 b - a +0 robe (worn)
Jewellery
 h - a +6 ring of dexterity (left claw)
Potions
 d - a potion of haste {unknown}
 f - a potion of berserk rage {unknown}

Dungeon Overview and Level Annotations

Branches:
Dungeon (2/15)

Altars:

Annotations:
D:2 Sigmund


Message History

Sigmund is moderately wounded.
You hit the ball python.
You kill the ball python!
You feel better.
You closely miss Sigmund.
Sigmund is moderately wounded.
Sigmund gestures at you while chanting.
You are confused.
You closely miss Sigmund.
Sigmund is moderately wounded.
Sigmund barely misses you.
You're too confused to move!
You're too confused to move!
Sigmund closely misses you.
You barely miss Sigmund.
Sigmund is moderately wounded.
Sigmund hits you with a +0 scythe.
You completely miss Sigmund.
Sigmund is moderately wounded.
Sigmund hits you with a +0 scythe!
You barely miss Sigmund.
Sigmund is moderately wounded.
You feel less confused. Sigmund barely misses you.
You closely miss Sigmund.
Sigmund is moderately wounded.
Sigmund hits you with a +0 scythe.
You hit Sigmund but do no damage.
Sigmund is moderately wounded.
Sigmund hits you with a +0 scythe.
You hit Sigmund.
Sigmund is heavily wounded.
Sigmund misses you.
You closely miss Sigmund.
Sigmund is heavily wounded.
You slash Sigmund!
Sigmund is severely wounded.
Sigmund casts a spell at you. The magic dart hits you.
You die...

.......#
......#
#...#.###
#.......###
#..>.......
#....)..#
#..@....###.
#?@.........
####<...###
###..# ....
..#. .# #


You could see Sigmund.

Vanquished Creatures
  2 dart slugs (D:1)
  4 ball pythons
  2 bats (D:1)
  3 endoplasms (D:1)
  A giant cockroach (D:1)
  A goblin (D:1)
  5 hobgoblins (D:1)
  3 frilled lizards (D:1)
  6 kobolds (D:1)
  3 rats (D:1)
30 creatures vanquished.

Notes
Turn   | Place    | Note
-------+----------+-------------------------------------------
     0 | D:1      | qw the Ghoul Enchanter began the quest for the Orb.
     0 | D:1      | Reached XP level 1. HP: 14/14 MP: 2/2
     0 | D:1      | 0 ||| qw: Version: 0.1-a-107-g9ff403c
     0 | D:1      | 0 ||| qw: Game counter: 6076
     0 | D:1      | 0 ||| qw: Always use a shield: true
     0 | D:1      | 0 ||| qw: God list: Okawaru
     0 | D:1      | 0 ||| qw: Allow faded altars: false
     0 | D:1      | 0 ||| qw: Do Orc after D:15 true
     0 | D:1      | 0 ||| qw: Do second Lair branch before Depths: true
     0 | D:1      | 0 ||| qw: Lair rune preference: random
     0 | D:1      | 0 ||| qw: Plans: Normal
     0 | D:1      | 0 ||| PLANNING D:1-11
   317 | D:1      | Reached skill level 1 in Axes
   373 | D:1      | Reached XP level 2. HP: 20/22 MP: 3/3
   405 | D:1      | Reached skill level 1 in Fighting
   531 | D:1      | 531 ||| SWAPPING to +0 club.
   532 | D:1      | 532 ||| DROPPING +1 dagger.
   715 | D:1      | 715 ||| Stepping ~*~*~tactically~*~*~ (hiding).
  1486 | D:1      | 1486 ||| SWAPPING to +0 hand axe.
  1674 | D:1      | Reached XP level 3. HP: 27/28 MP: 4/4
  1713 | D:1      | 1713 ||| Stepping ~*~*~tactically~*~*~ (hiding).
  1815 | D:1      | 1815 ||| Stepping ~*~*~tactically~*~*~ (hiding).
  1920 | D:1      | 1920 ||| Stepping ~*~*~tactically~*~*~ (stealth).
  1922 | D:1      | 1922 ||| Stepping ~*~*~tactically~*~*~ (stealth).
  1937 | D:1      | 1937 ||| Stepping ~*~*~tactically~*~*~ (stealth).
  2061 | D:1      | 2061 ||| Stepping ~*~*~tactically~*~*~ (stealth).
  2063 | D:1      | 2063 ||| Stepping ~*~*~tactically~*~*~ (stealth).
  2152 | D:1      | 2152 ||| DROPPING +0 club.
  2280 | D:1      | 2280 ||| Stepping ~*~*~tactically~*~*~ (stealth).
  2282 | D:1      | 2282 ||| Stepping ~*~*~tactically~*~*~ (hiding).
  2377 | D:1      | 2377 ||| Stepping ~*~*~tactically~*~*~ (stealth).
  2383 | D:1      | 2383 ||| Stepping ~*~*~tactically~*~*~ (stealth).
  2384 | D:1      | 2384 ||| Stepping ~*~*~tactically~*~*~ (stealth).
  2403 | D:1      | 2403 ||| Stepping ~*~*~tactically~*~*~ (stealth).
  2410 | D:1      | 2410 ||| Stepping ~*~*~tactically~*~*~ (stealth).
  2471 | D:1      | 2471 ||| UPGRADING to +6 ring of dexterity.
  2472 | D:1      | 2472 ||| READING scroll labelled GAWOKI BOFFEUQ.
  2473 | D:1      | 2473 ||| READING scroll labelled GIV LYKLOUBB.
  2474 | D:1      | 2474 ||| READING scroll labelled WUEPSA HOIRONEA.
  2475 | D:1      | 2475 ||| DRINKING 2 clear potions.
  2476 | D:1      | 2476 ||| DROPPING 2 potions of invisibility.
  2477 | D:1      | 2477 ||| DROPPING potion of brilliance.
  2498 | D:2      | Noticed Sigmund
  2510 | D:2      | HP: 6/29 [Sigmund/+0 scythe (5)]
  2514 | D:2      | Killed from afar by Sigmund

Levels and vault maps discovered:
D:1:      dpeg_arrival_round_c, layout_loops_corners, minmay_misc_feat_square
D:2:      layout_rooms, chequers_ecumenical_altar_simple,
          chequers_decorated_corner, uniq_jessica, uniq_sigmund

Skill      XL: |  1  2  3 |
---------------+----------+-----
Axes           | 1 2 |  2.0
Fighting       | 1 |  1.8
Short Blades   | |  0.8
Dodging        | |  1.7
Stealth        | |  3.2
Spellcasting   | |  1.7
Hexes          | |  2.4

Action                   || total
-------------------------++-------
Melee: Dagger            ||    44
       Punch             ||     3
       Club              ||    42
       Hand axe          ||    63
  Use: Scroll            ||     3
       Potion            ||     1
 Stab: Sleeping          ||     2
Armor: Robe              ||    18
Dodge: Dodged            ||    77

Table legend:
 A = Non-vault XP
 B = Vault XP
 C = Vault XP percentage of total XP
 D = Non-vault monster count
 E = Vault monster count
 F = Vault count percentage of total count
                 A         B        C        D         E       F
            +---------+---------+-------+---------+---------+-------
      Total |      52 |       0 |   0.0 |      30 |       0 |   0.0
            +---------+---------+-------+---------+---------+-------
        D:1 |      51 |       0 |   0.0 |      29 |       0 |   0.0
        D:2 |       1 |       0 |   0.0 |       1 |       0 |   0.0
            +---------+---------+-------+---------+---------+-------
